 Dungeon Crawl Stone Soup version 0.26-a0-651-gb41185065b (webtiles) character file.

Game seed: 12739860099769495995

4608 Flugslaktarn the Cleaver (level 10, -1/96 HPs)
             Began as a Deep Dwarf Fighter on Oct 20, 2020.
             Was a Believer of Makhleb.
             Killed by divine providence
             ... invoked by an orc priest
              (8 damage)
             ... on level 9 of the Dungeon.
             The game lasted 00:03:29 (4367 turns).

Flugslaktarn the Cleaver (Deep Dwarf Fighter)       Turns: 4367, Time: 00:03:29

Health: -1/96      AC: 11    Str: 21      XL:     10   Next: 19%
Magic:  8/8        EV:  9    Int:  8      God:    Makhleb [**....]
Gold:   292        SH: 16    Dex: 14 (15) Spells: 9/9 levels left

rFire    . . .     SeeInvis .   j - +1 broad axe
rCold    . . .     Faith    .   i - +0 tower shield
rNeg     . . .     Spirit   .   g - +0 chain mail
rPois    .         Reflect  .   (no helmet)
rElec    .         Harm     .   m - +0 cloak
rCorr    .         Rampage  .   (no gloves)
MR       +....                  (no boots)
Stlth    ..........             (no amulet)
HPRegen  0.00/turn              v - +4 ring of evasion
MPRegen  0.11/turn              (no ring)

@: non-regenerating
A: damage resistance, heal wounds, sense surroundings 2, no regeneration
a: Heal Wounds, Minor Destruction, Renounce Religion


You were on level 9 of the Dungeon.
You worshipped Makhleb.
Makhleb was pleased with you.
You visited 2 branches of the dungeon, and saw 10 of its levels.

You collected 437 gold pieces.
You spent 145 gold pieces at shops.

Inventory:

Hand Weapons
 j - a +1 broad axe (weapon)
   (You bought it in a shop on level 7 of the Dungeon)
Armour
 b - a +0 scale mail
 c - a +0 kite shield
 g - a +0 chain mail (worn)
   (You took it off an orc on level 6 of the Dungeon)
 i - a +0 tower shield (worn)
   (You bought it in a shop on level 7 of the Dungeon)
 m - a +0 cloak (worn)
   (You took it off Crazy Yiuf on level 4 of the Dungeon)
Jewellery
 v - a +4 ring of evasion (left hand)
   (You found it on level 4 of the Dungeon)
Wands
 e - a wand of acid (6)
   (You found it on level 8 of the Dungeon)
Scrolls
 a - a scroll of fear
 l - 4 scrolls of magic mapping
 r - 2 scrolls of identify
 t - 8 scrolls of teleportation
 x - 7 scrolls of remove curse
 z - a scroll of blinking
Potions
 d - a potion of might
 f - 2 potions of cancellation
 n - a potion of resistance
 o - 2 potions of invisibility
 p - a potion of magic
 q - 6 potions of curing


   Skills:
 * Level 8.2 Fighting
 * Level 9.3 Axes
 + Level 7.2 Armour
 - Level 1.9 Dodging
 + Level 6.7 Shields
 + Level 5.0 Invocations


You had 9 spell levels left.
You didn't know any spells.
Your spell library was empty.

Dungeon Overview and Level Annotations

Branches:
Dungeon (9/15)             Temple (1/1) D:5            Lair (0/6) D:9
    Orc: D:9-12

Altars:
Ashenzari
Dithmenos
Elyvilon
Fedhas
Gozag
Hepliaklqana
Kikubaaqudgha
Makhleb
Nemelex Xobeh
Okawaru
Qazlal
Ru
Sif Muna
Trog
Vehumet
Wu Jian
Xom
Yredelemnul
Zin
The Shining One

Shops:
D:6 ?   D:7 [[((


Innate Abilities, Weirdness & Mutations

You are resistant to damage.
You can heal yourself by infusing magical energy.
You passively map the area around you.
You do not regenerate.


Message History

You are too injured to fight recklessly!
You are too injured to fight recklessly!
You are too injured to fight recklessly!
You are too injured to fight recklessly!
You are too injured to fight recklessly!
You are too injured to fight recklessly!
You are too injured to fight recklessly!
You are too injured to fight recklessly!
The orc priest invokes the aid of Beogh against you.
Beogh smites you!
* * * LOW HITPOINT WARNING * * *
The yak snorts and paws the ground.
The basilisk gazes at you. You resist with almost no effort.
The basilisk bites something!!
The orc priest invokes the aid of Beogh against you.
Beogh smites you!
* * * LOW HITPOINT WARNING * * *
The orc priest mumbles some strange prayers to Beogh against you.
Beogh smites you!
You die...

##.........##..#* * *
#...........#..# ,
**..........P....#* , *,*
......>........# , *
,..........P..#.#,, * *
#....o...P..##.#, ,* * ,, *
,*#..?o..lH.##..###########
* ###..olY####.............
,
.........@..##......###...
..>#........##......##....
,
................#...###...
*
....>.........###.......†.
....#.##........#.........
...###*##..........#.##..#
,* .# ###.##..#.......## **
, ###*.###....#.#. * * ##
##.......


You could see a yak, 2 basilisks, 2 orc priests and an orc wizard.

Vanquished Creatures
  A two-headed ogre (D:8)
  A troll (D:9)
  A hippogriff (D:8)
  2 wyverns
  A black bear (D:9)
  3 sky beasts
  An orc warrior (D:8)
  3 ice beasts
  2 phantoms
  2 necrophages
  2 centaurs
  4 ogres
  A gnoll sergeant (D:6)
  5 bullfrogs
  3 wights (D:6)
  4 killer bees (D:8)
  A howler monkey (D:4)
  A quasit (D:9)
  2 centaur zombies
  5 hounds
  An orc priest (D:5)
  4 bullfrog skeletons
  Crazy Yiuf (D:4)
  2 iguanas
  3 orc wizards
  8 worker ants
  A hound skeleton (D:6)
  A hound zombie (D:7)
  2 worker ant zombies
  5 gnolls
  6 adders
  2 shadow imps
  2 white imps
  An ufetubus (D:8)
  A dart slug (D:1)
  4 leopard geckos
  19 orcs
  2 giant cockroaches
  6 jackals
  2 quokkas
  2 frilled lizards
  A jackal skeleton (D:5)
  A kobold (D:2)
  A quokka zombie (D:5)
123 creatures vanquished.

Vanquished Creatures (others)
  5 dream sheep (D:4)
5 creatures vanquished.

Grand Total: 128 creatures vanquished

Notes
Turn   | Place    | Note
-------+----------+-------------------------------------------
     0 | D:1      | Flugslaktarn the Deep Dwarf Fighter began the quest for the
                  | Orb.
     0 | D:1      | Reached XP level 1. HP: 20/20 MP: 1/1
   120 | D:2      | Reached XP level 2. HP: 25/28 MP: 2/2
   356 | D:4      | Found a sacrificial altar of Ru.
   380 | D:4      | Reached skill level 3 in Axes
   380 | D:4      | Reached XP level 3. HP: 25/34 MP: 3/3
   436 | D:4      | Noticed an ogre
   442 | D:4      | Killed an ogre
   442 | D:4      | Reached XP level 4. HP: 17/44 MP: 4/4
   442 | D:4      | Reached XP level 5. HP: 20/50 MP: 5/5
   462 | D:4      | Noticed a dream sheep
   462 | D:4      | Noticed a dream sheep
   462 | D:4      | Noticed a dream sheep
   462 | D:4      | Noticed a dream sheep
   462 | D:4      | Noticed a dream sheep
   462 | D:4      | Found a shimmering altar of Xom.
   468 | D:4      | Killed a dream sheep
   468 | D:4      | Killed a dream sheep
   468 | D:4      | Killed a dream sheep
   468 | D:4      | Killed a dream sheep
   468 | D:4      | Killed a dream sheep
   827 | D:4      | Found a runed translucent door.
   828 | D:4      | Noticed Crazy Yiuf
   874 | D:4      | Reached skill level 4 in Axes
  1021 | D:4      | Killed Crazy Yiuf
  1021 | D:4      | Reached XP level 6. HP: 40/57 MP: 6/6
  1063 | D:5      | Entered Level 5 of the Dungeon
  1204 | D:5      | Found a blossoming altar of Fedhas.
  1430 | D:5      | Reached skill level 5 in Axes
  1448 | D:5      | Reached XP level 7. HP: 49/66 MP: 6/6
  1575 | D:5      | Noticed a wyvern
  1586 | D:5      | Killed a wyvern
  1586 | D:5      | Reached skill level 5 in Fighting
  1615 | D:5      | Reached skill level 5 in Armour
  1615 | D:5      | Reached skill level 5 in Shields
  1626 | D:5      | Reached skill level 6 in Axes
  1716 | D:5      | Found a glowing golden altar of the Shining One.
  1746 | D:5      | Found a basalt altar of Yredelemnul.
  1765 | D:5      | Found a staircase to the Ecumenical Temple.
  1940 | Temple   | Entered the Ecumenical Temple
  2304 | D:6      | Found Samoos's Magic Scroll Emporium.
  2367 | D:6      | Reached XP level 8. HP: 51/75 MP: 7/7
  2422 | D:6      | Found a burning altar of Makhleb.
  2462 | D:6      | Became a worshipper of Makhleb the Destroyer
  2549 | D:6      | Reached skill level 7 in Axes
  2567 | D:6      | Reached skill level 1 in Invocations
  2575 | D:6      | Reached skill level 1 in Dodging
  2776 | D:7      | Found Maastrij's Antique Weapon Boutique.
  2779 | D:7      | Bought a broad axe for 96 gold pieces
  2860 | D:7      | Found Qyerupih's Armour Boutique.
  2884 | D:7      | Found Uwnish's Antique Weapon Shop.
  2906 | D:7      | Found a sacrificial altar of Ru.
  3153 | D:7      | Found an ornate altar of the Wu Jian Council.
  3250 | D:7      | Found a stormy altar of Qazlal.
  3267 | D:7      | Gained mutation: You passively map the area around you.
                  | [Deep Dwarf growth]
  3267 | D:7      | Reached XP level 9. HP: 55/85 MP: 7/7
  3298 | D:7      | Found Coigul's Armour Shop.
  3304 | D:7      | Bought a +0 tower shield for 49 gold pieces
  3471 | D:8      | Reached skill level 8 in Axes
  3520 | D:8      | Reached * piety under Makhleb
  3566 | D:8      | Noticed a two-headed ogre
  3583 | D:8      | Killed a two-headed ogre
  3742 | D:8      | Reached skill level 9 in Axes
  3821 | D:8      | Found an iron altar of Okawaru.
  3822 | D:8      | Found a bloodstained altar of Trog.
  3830 | D:8      | Reached XP level 10. HP: 49/96 MP: 9/9
  4127 | D:9      | Found a sparkling altar of Nemelex Xobeh.
  4200 | D:9      | Found a white marble altar of Elyvilon.
  4242 | D:9      | Reached ** piety under Makhleb
  4294 | D:9      | Reached skill level 5 in Invocations
  4359 | D:9      | Found a staircase to the Lair.
  4367 | D:9      | Killed from afar by an orc priest

Illustrated notes

Levels and vault maps discovered:
D:1:      ebering_hopf_link, layout_loops_cross, chequers_serial_rivers_small_3,
          dk_noncrumbling_2
D:2:      layout_rooms, minmay_tripent
D:3:      layout_basic, dancing_weapons_uskayaw, kennysheep_slug_shrine
D:4:      layout_basic, lemuel_doored_altar, grunt_decor_one_mirror,
          kb_xom_exploding_sheep, uniq_crazy_yiuf_cottage
D:5:      minmay_clustersquares, layout_basic, kennysheep_mini, fedhas_altar_2,
          kennysheep_little_box, lemuel_temple_firewalk_b
D:6:      layout_rooms, makhleb_blood_cavern_becter, serial_shops, shop
D:7:      layout_loops_ring, nicolae_qazlal_style_of_elements,
          kennysheep_mini_moat, serial_shops, nicolae_shop_behind_doors, shop,
          nicolae_shop_behind_doors, nicolae_shop_statue_plus,
          nicolae_ru_awakened_eye
D:8:      layout_rooms, grunt_temple_overflow_bloody_war,
          chequers_serial_rivers_micro_b
D:9:      minmay_the_grid_square_5x5_4x4
          [minmay_the_grid_square_5x5_two_walls_b,
          minmay_the_grid_square_5x5_broken_cross,
          minmay_the_grid_square_5x5_slash, minmay_the_grid_square_5x5_empty,
          minmay_the_grid_square_5x5_forky,
          minmay_the_grid_square_5x5_prize_monsterx,
          minmay_the_grid_square_5x5_prize_rear_guard,
          minmay_the_grid_square_5x5_shrine1, minmay_the_grid_square_5x5_c,
          minmay_the_grid_square_5x5_prize_itemx,
          minmay_the_grid_square_5x5_prize_junk,
          minmay_the_grid_square_5x5_checkered,
          minmay_the_grid_square_5x5_inverted_slash,
          minmay_the_grid_square_5x5_minibox, minmay_the_grid_square_5x5_inset,
          minmay_the_grid_square_5x5_intrusive_squares], layout_cave_pools,
          lemuel_crystal_altar, marbit_many_paths, david_lair_generic,
          hangedman_minor_gate_pass
Temple:   compressed_dpeg_triangle_lava_temple

Skill      XL: |  1  2  3  4  5  6  7  8  9 10 |
---------------+-------------------------------+-----
Fighting       | 3 4 5 6 8 |  8.2
Axes           | 3 4 5 6 7 9 |  9.3
Armour         | 4 5 6 7 |  7.2
Shields        | 4 5 6 |  6.7
Invocations    | 2 4 5 |  5.0
Dodging        | 1 |  1.9

Action                   |  1- 3 |  4- 6 |  7- 9 | 10-12 || total
-------------------------+-------+-------+-------+-------++-------
Melee: War axe           |    65 |    92 |   164 |       ||   321
       Broad axe         |       |       |   157 |    53 ||   210
 Abil: Heal Wounds       |     1 |     2 |    13 |     1 ||    17
  Use: Scroll            |       |       |    15 |       ||    15
Armor: Scale mail        |    22 |    26 |   129 |       ||   177
       Chain mail        |       |       |       |    31 ||    31
Dodge: Dodged            |    25 |    40 |   155 |    27 ||   247
Block: Kite shield       |    35 |    41 |   158 |       ||   234
       Tower shield      |       |       |   134 |    62 ||   196

Table legend: (Time is in decaauts)
 A = Elapsed time spent in this place.
 B = Non-inter-level travel time spent in this place.
 C = Inter-level travel time spent in this place.
 D = Time resting spent in this place.
 E = Time spent auto-exploring this place.
 F = Levels seen in this place.
 G = Mean time per level.
                   A        B        C        D        E       F      G
               +--------+--------+--------+--------+--------+-----+--------+
         Total |   4534 |   4159 |    375 |    100 |   2978 |  10 |  453.4 |
       Dungeon |   4225 |   3861 |    364 |    100 |   2684 |   9 |  469.4 |
        Temple |    309 |    298 |     11 |      0 |    294 |   1 |  309.0 |
               +--------+--------+--------+--------+--------+-----+--------+

Top non-repeatable levels by time:
     D:5: 967 daAuts
     D:4: 774 daAuts
     D:7: 738 daAuts
     D:8: 605 daAuts
     D:6: 532 daAuts
  Temple: 309 daAuts
     D:9: 279 daAuts
     D:3: 160 daAuts
     D:1: 89 daAuts
     D:2: 77 daAuts
